 Dungeon Crawl Stone Soup version 0.30-a0-845-g7c6808c8ce (webtiles) character file.

Game seed: 16581950205126261944

190 Jossarian the Conjurer (level 5, -3/35 HPs)
             Began as a Demonspawn Conjurer on Mar 2, 2023.
             Slain by a bullfrog (4 damage)
             ... in a sewer.
             The game lasted 00:37:52 (4325 turns).

Jossarian the Conjurer (Demonspawn Conjurer)        Turns: 4325, Time: 00:37:52

Health: -3/35      AC:  6    Str:  7    XL:     5   Next: 41%
Magic:  5/9        EV: 11    Int: 21    God:
Gold:   32         SH:  0    Dex: 12    Spells: 7/10 levels left

rFire   . . .      SeeInvis .    a - +1 dagger (elec)
rCold   . . .      Faith    .    (no shield)
rNeg    . . .      Spirit   .    l - +0 leather armour
rPois   .          Reflect  .    c - +0 helmet
rElec   .          Rampage  .    e - +0 cloak
rCorr   .                        (no gloves)
Will    .....                    f - +0 pair of boots
Stlth   +                        (no amulet)
HPRegen 0.25/turn                (no ring)
MPRegen 0.11/turn                (no ring)

@: very slow
A: hooves 1, powered by pain 1
a: no special abilities


You were in a sewer.
You visited 1 branch of the dungeon, and saw 3 of its levels.
You also visited: Sewer.

You collected 54 gold pieces.
You spent 22 gold pieces at shops.

Inventory:

Hand Weapons
 a - a +1 dagger of electrocution (weapon)
 g - a +0 heavy dagger
Missiles
 j - 19 stones
 o - 7 poisoned darts (quivered)
Armour
 c - a +0 helmet (worn)
 e - a +0 cloak (worn)
 f - a +0 pair of boots (worn)
 l - a +0 leather armour (worn)
Wands
 p - a wand of flame (6)
Potions
 b - a potion of magic
 d - a potion of invisibility
 h - a potion of haste {unknown}
 i - a potion of flight {unknown}
 k - 3 potions of curing
 m - a potion of might {unknown}
 n - a potion of mutation {unknown}


   Skills:
 + Level 0.1 Fighting
 + Level 0.2 Throwing
 + Level 0.8 Armour
 + Level 2.0 Dodging
 + Level 2.4 Stealth
 + Level 3.2 Spellcasting
 + Level 5.4 Conjurations


You had 7 spell levels left.
You knew the following spells:

 Your Spells              Type           Power      Damage    Failure   Level
a - Magic Dart            Conj           100%       1d8       1%          1
b - Searing Ray           Conj           52%        2d6       3%          2

Your spell library contained the following spells:

 Spells                   Type           Power      Damage    Failure   Level
 Dazzling Flash           Conj/Hex       28%        N/A       19%         3
 Fulminant Prism          Conj/Hex       7%         3d6       52%         4
 Iskenderun's Mystic Bla  Conj/Tloc      14%        2d5       52%         4


Dungeon Overview and Level Annotations

Branches:
Dungeon (3/15)              Sewer (1/1)

Altars:

Shops:
D:3 *

Annotations:
D:3 Ijyb


Innate Abilities, Weirdness & Mutations

You have large cloven feet.
You sometimes gain a little power by taking damage.


Message History

Press: ? - help, Shift-Dir - straight line, f - bullfrog
Aim: a bullfrog (74% to hit)
The searing ray misses the bullfrog. (Press . to maintain the ray.)
The bullfrog hits you but does no damage.
The bullfrog hits you.
The searing ray hits the bullfrog!
The bullfrog is moderately wounded.
The searing ray hits the quokka!
You kill the quokka!
The bullfrog hits you but does no damage.
The bullfrog hits you.
The bullfrog hits you but does no damage.
The bullfrog hits you.
The searing ray misses the bullfrog.
The bullfrog hits you.
The bullfrog hits you but does no damage.
You feel better. The bullfrog hits you. The bullfrog hits you!
* * * LOW HITPOINT WARNING * * *
The bullfrog barely misses you.
The bullfrog hits you but does no damage.
Aiming: Throw Flame
Press: ? - help, Shift-Dir - straight line, p - bullfrog
Okay, then.
Unknown command.
Aiming: Throw Flame
Press: ? - help, Shift-Dir - straight line, p - bullfrog The puff of flame hits the bullfrog!
The bullfrog is severely wounded.
The bullfrog barely misses you. x2
The bullfrog attacks as you move away! The bullfrog misses you.
You enter the shallow water.
Moving in this stuff is going to be slow.
The bullfrog hits you.
* * * LOW HITPOINT WARNING * * *
The bullfrog hits you but does no damage.
The bullfrog attacks as you move away! The bullfrog misses you.
The bullfrog hits you.
* * * LOW HITPOINT WARNING * * *
The bullfrog hits you.
You die...

#..##~~##~~~.~~...##~~#
#∩.#~~.#~†.~~~~~~~~#~~~
#.~#.~##~~~#####~~~##.~
##.##~~#~~~## ##.~~#~~
#..#~~~#~~## ##~~#†.
#~~#~###.~# #~~##~
#~.#.#~.~##≈~~~.≈≈##†~#~
#~~#~#∩~~#≈~~~.~.≈≈#~.#~
#~.#~#.@~#≈~.~~B~≈≈#~~#~
#~~#.##FF#~~~~.$~~≈#~.#~
#.~#~~#~.#~~~."$.~≈#.~#~
#~†#~~#B.#~~~$?(.~≈#~~#~
#~~†~~#.†##~.~?.~≈##~.#.
#~~..~#.~~..~~.~~≈#~~##~
#.~~.~###~.~.~~~≈##~~#.~
#######.###~~~.≈##~~~#~~
#~....#######~.~##~~


You could see 2 bullfrogs and a giant cockroach.

Vanquished Creatures
  Jessica (D:3)
  A gnoll (D:1)
  3 adders
  A river rat (D:3)
  2 worms (D:2)
  2 dart slugs
  An orc (D:3)
  9 ball pythons
  2 bats
  14 endoplasms
  6 giant cockroaches
  3 goblins
  9 hobgoblins
  3 jackals (D:2)
  12 kobolds
  11 quokkas
  10 frilled lizards
  6 rats
96 creatures vanquished.

Vanquished Creatures (others)
  10 fungi (D:3)
  2 plants (D:3)
12 creatures vanquished.

Grand Total: 108 creatures vanquished

Notes
Turn   | Place    | Note
-------+----------+-------------------------------------------
     0 | D:1      | Jossarian the Demonspawn Conjurer began the quest for the
                  | Orb.
     0 | D:1      | Reached XP level 1. HP: 13/13 MP: 3/3
   524 | D:1      | Gained mutation: You sometimes gain a little power by
                  | taking damage. [demonic ancestry]
   524 | D:1      | Reached XP level 2. HP: 17/19 MP: 0/5
  1322 | D:1      | Learned a level 2 spell: Searing Ray
  1580 | D:1      | Reached XP level 3. HP: 24/24 MP: 1/6
  2037 | D:2      | Reached skill level 5 in Conjurations
  2309 | D:2      | Reached XP level 4. HP: 30/30 MP: 2/7
  2858 | D:2      | Upgraded the game from 0.30-a0-782-ge64f9170bb to
                  | 0.30-a0-845-g7c6808c8ce
  3097 | D:3      | Noticed Ijyb
  3238 | D:3      | Found Furovoax's General Store.
  3279 | D:3      | Bought a scroll of identify for 22 gold pieces
  3330 | D:3      | Noticed Jessica
  3338 | D:3      | Killed Jessica
  3489 | D:3      | Gained mutation: You have large cloven feet. [demonic
                  | ancestry]
  3489 | D:3      | Reached XP level 5. HP: 35/35 MP: 5/9
  3552 | D:3      | Found a glowing drain.
  3585 | Sewer    | Entered a sewer
  4325 | Sewer    | HP: 1/35 [bullfrog (6)]
  4325 | Sewer    | Slain by a bullfrog

Illustrated notes

Levels and vault maps discovered:
D:1:      dpeg_arrival_pits, layout_loops_corners, serial_rivers,
          chequers_serial_rivers_small_b, chequers_serial_rivers_small_3,
          chequers_serial_rivers_small_3, chequers_serial_rivers_large_b,
          chequers_serial_rivers_micro_a, chequers_serial_rivers_large_a,
          chequers_serial_rivers_small_3
D:2:      layout_basic
D:3:      layout_basic, zin_scriptorium, shapermc_ecumenical_altar_hornbeckon,
          serial_shops, shop, gup_sewer_entry_bowl, uniq_jessica, uniq_sigmund,
          uniq_ijyb, uniq_terence, uniq_crazy_yiuf_cottage, uniq_natasha
Sewer:    sewer_frog_island_02

Skill      XL: |  1  2  3  4  5 |
---------------+----------------+-----
Dodging        | 2 |  2.0
Stealth        | 2 |  2.4
Conjurations   | 5 |  5.4
Spellcasting   | 3 |  3.2
Fighting       | |  0.1
Throwing       | |  0.2
Armour         | |  0.8

Action                     |  1- 3 |  4- 6 || total
---------------------------+-------+-------++-------
  Melee: Dagger            |     4 |     5 ||     9
  Throw: Dart              |       |     9 ||     9
   Cast: Magic Dart        |    61 |    88 ||   149
         Searing Ray       |     6 |    11 ||    17
  Evoke: Wand              |       |     1 ||     1
    Use: Scroll            |     7 |     2 ||     9
         Potion            |       |     1 ||     1
 Armour: Robe              |     2 |       ||     2
         Leather armour    |     4 |    22 ||    26
  Dodge: Dodged            |    16 |    31 ||    47

Table legend: (Time is in decaauts)
 A = Elapsed time spent in this place.
 B = Non-inter-level travel time spent in this place.
 C = Inter-level travel time spent in this place.
 D = Time resting spent in this place.
 E = Time spent auto-exploring this place.
 F = Levels seen in this place.
 G = Mean time per level.
                   A        B        C        D        E       F      G
               +--------+--------+--------+--------+--------+-----+--------+
         Total |   4437 |   2852 |   1585 |   2041 |      0 |   4 | 1109.2 |
       Dungeon |   3628 |   2043 |   1585 |   1545 |      0 |   3 | 1209.3 |
         Sewer |    808 |    808 |      0 |    496 |      0 |   1 |  808.0 |
               +--------+--------+--------+--------+--------+-----+--------+

Top non-repeatable levels by time:
     D:1: 1968 daAuts
     D:2: 1096 daAuts
   Sewer: 808 daAuts
     D:3: 563 daAuts
